 Dungeon Crawl Stone Soup version 0.21-a0-417-g0adc95b (webtiles) character file.

718 grizmgrazm2 the Digger (level 7, -5/42 HPs)
             Began as a Gargoyle Earth Elementalist on Nov 3, 2017.
             Killed from afar by sergedm's ghost (20 damage)
             ... with an orb of energy
             ... on level 4 of the Dungeon.
             The game lasted 00:13:42 (4307 turns).

grizmgrazm2 the Digger (GrEE)                       Turns: 4307, Time: 00:13:44

Health: -5/42      AC: 11    Str: 11    XL:     7   Next: 70%
Magic:  12/12      EV: 10    Int: 18    God:
Gold:   167        SH:  0    Dex: 10    Spells: 5/13 levels left

rFire    . . .     SeeInvis .   o - +0 flail (protect)
rCold    . . .     Gourm    .   (no shield)
rNeg     + . .     Faith    .   l - +1 ring mail
rPois    ∞         Spirit   .   (no helmet)
rElec    +         Reflect  .   (no cloak)
rCorr    .         Harm     .   (no gloves)
MR       .....                  m - +0 pair of boots
Stlth    +.........             (no amulet)
HPRegen  0.14/turn              (no ring)
MPRegen  0.13/turn              (no ring)

@: very slightly contaminated
A: negative energy resistance 1, electricity resistance, unbreathing,
petrification resistance, rot immunity, AC +4
a: no special abilities


You were on level 4 of the Dungeon.
You were not hungry.

You visited 1 branch of the dungeon, and saw 4 of its levels.

You collected 167 gold pieces.

Inventory:

Hand Weapons
 a - a +0 whip
 o - a +0 flail of protection (weapon)
 v - a +1 dagger of electrocution
Missiles
 k - 17 sling bullets
 y - 7 javelins of penetration (quivered)
Armour
 j - a +0 leather armour
 l - a +1 ring mail (worn)
 m - a +0 pair of boots (worn)
Scrolls
 h - 2 scrolls of recharging {unknown}
 i - 4 scrolls of remove curse {unknown}
 p - 4 scrolls of identify {unknown}
 r - a scroll of teleportation {unknown}
 t - a scroll of random uselessness {unknown}
 u - a scroll of noise {unknown}
 B - a scroll of magic mapping {unknown}
Potions
 c - 4 potions of lignification {unknown}
 g - a potion of flight {unknown}
 n - a potion of haste {unknown}
 w - 2 potions of agility {unknown}
 A - a potion of heal wounds {unknown}
Books
 e - a book of Geomancy

   Spells                             Type                      Level
   a - Sandblast                      Earth                        1
   b - Passwall                       Transmutation/Earth          2
   c - Stone Arrow                    Conjuration/Earth            3
   d - Petrify                        Transmutation/Earth          4
   e - Lee's Rapid Deconstruction     Earth                        5
 s - a book of Misfortune

   Spells                             Type                      Level
   a - Confusing Touch                Hexes                        1
   b - Confuse                        Hexes                        3
   c - Gell's Gravitas                Translocation                3
   d - Petrify                        Transmutation/Earth          4
   e - Metabolic Englaciation         Hexes/Ice                    5
   f - Yara's Violent Unravelling     Hexes/Transmutation          5
Comestibles
 d - 2 bread rations
 q - a royal jelly
 x - 2 fruits
 z - a meat ration


   Skills:
 + Level 3.7 Fighting
 - Level 1.5 Dodging
 - Level 2.1 Stealth
 + Level 3.7 Spellcasting
 + Level 3.8 Conjurations
 - Level 0.7 Transmutations
 * Level 7.2 Earth Magic


You had 5 spell levels left.
You knew the following spells:

 Your Spells              Type           Power        Failure   Level  Hunger
a - Sandblast             Erth           ####..       1%          1    None
b - Stone Arrow           Conj/Erth      ###...       11%         3    ###....
c - Petrify               Tmut/Erth      ###.....     56%         4    ####...


Dungeon Overview and Level Annotations

Branches:
Dungeon (4/15)
 Temple: D:4-7

Altars:

Annotations:
D:4 sergedm's ghost, amateur DECj


Innate Abilities, Weirdness & Mutations

You are resistant to torment.
Your stone body is resilient. (AC +4)
You are immune to poison.
You resist negative energy. (rN+)
You are resistant to electric shocks. (rElec)
You can survive without breathing.
You are immune to petrification.
You are immune to rotting.


Message History

The spray of energy hits you!
An adder comes into view.
Found a stone staircase leading down.
There is an open door here.
A worm comes into view.
Found 15 gold pieces.
The adder closely misses you.
The adder bites you but does no damage. x2
The worm bites you but does no damage. The adder bites you but does no damage.
Sergedm's ghost points at you and mumbles some strange words.
The magic dart hits you! The adder bites you but does no damage.
There is a stone staircase leading up here.
The adder barely misses you. The adder bites you but does no damage.
Sergedm's ghost points at you and mumbles some strange words.
The orb of energy hits the adder.
The adder dies!
The orb of energy explodes!
The mystic blast hits you!
You die...

### #.........####......#######
..# #.......#....+......# ..+
#.......#....#......# ..#
#.......#....#......# ..#
#.......#....#......# ..#
#.......#....#......#
..#####.......######......#######
#.....#######......######........
#.....#.....#...@..# #........
#.....'.....#......# #........
#.....#.§...#......# #........
#.....#.....#....W.# #........
#..w..#.....#.....w# #........
#.....###...#......######........
...#'############....$#.###'##...
...#.........$..#.....#......#...
...'...w........#.....#......#...


You could see a worm and sergedm's ghost.

Vanquished Creatures
  Sigmund (D:4)
  Edmund (D:3)
  A bullfrog (D:4)
  A scorpion (D:4)
  An orc priest (D:3)
  2 bullfrog skeletons (D:4)
  A worker ant (D:4)
  4 gnolls
  5 adders
  An ooze (D:2)
  2 adder skeletons (D:4)
  A worm (D:2)
  A dart slug (D:3)
  A leopard gecko (D:4)
  8 orcs (D:3)
  A ball python (D:2)
  9 bats
  5 giant cockroaches
  10 goblins
  10 hobgoblins
  18 jackals
  A quokka (D:3)
  3 frilled lizards
  10 kobolds
  9 rats
107 creatures vanquished.

Vanquished Creatures (others)
  An adder (D:4)
1 creature vanquished.

Grand Total: 108 creatures vanquished

Notes
Turn   | Place    | Note
-------+----------+-------------------------------------------
     0 | D:1      | grizmgrazm2 the Gargoyle Earth Elementalist began the quest for the Orb.
     0 | D:1      | Reached XP level 1. HP: 10/10 MP: 3/3
   430 | D:1      | Reached XP level 2. HP: 16/16 MP: 1/5
   445 | D:1      | Reached skill level 4 in Earth Magic
   666 | D:1      | Reached skill level 1 in Fighting
   735 | D:1      | Reached XP level 3. HP: 18/20 MP: 1/6
  1093 | D:1      | Learned a level 3 spell: Stone Arrow
  1632 | D:1      | Reached XP level 4. HP: 19/25 MP: 1/7
  1635 | D:1      | Reached skill level 1 in Conjurations
  1815 | D:2      | Reached skill level 5 in Earth Magic
  2397 | D:3      | Reached XP level 5. HP: 30/30 MP: 7/9
  2403 | D:3      | Learned a level 4 spell: Petrify
  3820 | D:4      | Reached XP level 6. HP: 34/36 MP: 8/10
  3821 | D:4      | Noticed Sigmund
  3829 | D:4      | Killed Sigmund
  3829 | D:4      | Reached skill level 6 in Earth Magic
  3845 | D:4      | Noticed Edmund
  3947 | D:3      | Killed Edmund
  3947 | D:3      | Reached XP level 7. HP: 32/41 MP: 2/12
  4155 | D:4      | Reached skill level 7 in Earth Magic
  4267 | D:4      | Noticed sergedm's ghost (amateur DECj)
  4307 | D:4      | Killed from afar by sergedm's ghost

Vault maps used:
D:1:      nzn_arrival_depleted_hourglass
D:2:      serial_bayou_pond_b, minivault_23
D:4:      uniq_sigmund, uniq_edmund

Skill      XL: |  1  2  3  4  5  6  7 |
---------------+----------------------+-----
Earth Magic    | 4 5 6 7 |  7.2
Fighting       | 1 2 3 |  3.7
Conjurations   | 1 2 3 |  3.8
Spellcasting   | 3 |  3.7
Dodging        | |  1.5
Stealth        | |  2.1
Transmutations | |  0.7

Action                   |  1- 3 |  4- 6 |  7- 9 || total
-------------------------+-------+-------+-------++-------
Melee: Whip              |    77 |    17 |       ||    94
       Dagger            |       |   103 |       ||   103
       Flail             |       |       |    70 ||    70
 Cast: Sandblast         |    39 |    74 |     2 ||   115
  Use: Potion            |       |     2 |       ||     2
       Scroll            |       |       |     2 ||     2
  Eat: Chunk             |     2 |     7 |     2 ||    11
       Fruit             |       |     1 |       ||     1
Armor: Robe              |    43 |       |       ||    43
       Ring mail         |    14 |    72 |    62 ||   148
       Leather armour    |     2 |       |       ||     2
Dodge: Dodged            |    94 |    88 |    46 ||   228

Table legend:
 A = Spawn XP
 B = Non-spawn XP
 C = Spawn XP percentage of total XP
 D = Spawn monster count
 E = Non-spawn monster count
 F = Spawn count percentage of total count
 G = Total turns spent on level
                    A         B        C        D         E        F      G
               +---------+---------+-------+---------+---------+-------+---------
         Total |       0 |    1027 |   0.0 |       0 |     107 |   0.0 |  4307
               +---------+---------+-------+---------+---------+-------+---------
           D:1 |       0 |     105 |   0.0 |       0 |      39 |   0.0 |  1702
           D:2 |       0 |      58 |   0.0 |       0 |      21 |   0.0 |   685
           D:3 |       0 |     300 |   0.0 |       0 |      34 |   0.0 |  1483
           D:4 |       0 |     564 |   0.0 |       0 |      13 |   0.0 |   437
               +---------+---------+-------+---------+---------+-------+---------
